 Dungeon Crawl Stone Soup version 0.18-a0-1292-ge8ad84c (webtiles) character file.

351 Duffy the Conjurer (level 6, -9/32 HPs)
             Began as a Deep Elf Conjurer on Feb 9, 2016.
             Was an Initiate of Sif Muna.
             Mangled by Ijustatesigmund's ghost (12 damage)
             ... on level 4 of the Dungeon.
             The game lasted 00:04:19 (3974 turns).

Duffy the Conjurer (Deep Elf Conjurer)              Turns: 3974, Time: 00:04:20

Health: -9/32      AC:  8    Str:  5    XL:     6   Next: 34%
Magic:  0/17       EV: 13    Int: 20    God:    Sif Muna [......]
Gold:   165        SH:  0    Dex: 17    Spells: 5 memorised, 1 level left

rFire  . . .     SeeInvis .     r - +0 dagger (protect)
rCold  . . .     Gourm    .     a - +0 robe
rNeg   + . .     Faith    .     (no shield)
rPois  .         Spirit   .     (no helmet)
rElec  .         Dismiss  .     q - +0 cloak
rCorr  .         Reflect  .     (no gloves)
SustAt .         Harm     .     (no boots)
MR     .....                    (no amulet)
Stlth  ++........               (no ring)
                                i - ring of positive energy

@: very slightly contaminated, not resistant to hostile enchantments, unstealthy
A: no striking features
a: Renounce Religion


You were on level 4 of the Dungeon.
You worshipped Sif Muna.
Sif Muna was noncommittal.
You were not hungry.

You visited 1 branch of the dungeon, and saw 4 of its levels.

You collected 165 gold pieces.


   Skills:
 - Level 2.4 Dodging
 - Level 2.4 Stealth
 + Level 6.3 Spellcasting
 * Level 6.7 Conjurations
 + Level 1.9 Charms


You had one spell level left.
You knew the following spells:

 Your Spells              Type           Power        Failure   Level  Hunger
a - Magic Dart            Conj           ####         1%          1    None
i - Iskenderun's Battles  Conj/Chrm      ###.....     58%         5    #####..
l - Iskenderun's Mystic   Conj           ####....     10%         4    ####...
n - Fulminant Prism       Conj/Hex       ###.......   30%         4    ####...
s - Searing Ray           Conj           ####..       1%          2    None

Inventory:

Hand Weapons
 n - a +0 dagger of venom
 r - a +0 dagger of protection (weapon)
 t - a +1 dagger of electrocution
Armour
 a - a +0 robe (worn)
 q - a +0 cloak (worn)
Jewellery
 i - a ring of positive energy (left hand)
Scrolls
 e - 2 scrolls of immolation {unknown}
 g - 3 scrolls of remove curse {unknown}
 j - a scroll of fog {unknown}
 l - 5 scrolls of identify {unknown}
 o - a scroll of teleportation {unknown}
 v - a scroll of magic mapping {unknown}
Potions
 d - a potion of degeneration {unknown}
 f - 4 potions of might {unknown}
 h - 3 potions of curing {unknown}
 k - a potion of flight {unknown}
 m - 2 potions of cure mutation {unknown}
 p - a potion of brilliance {unknown}
 s - 2 potions of berserk rage {unknown}
 u - a potion of lignification {unknown}
 x - a potion of resistance {unknown}
Books
 b - a book of Conjurations
Comestibles
 c - 3 bread rations

Dungeon Overview and Level Annotations

Branches:
Dungeon (4/15)             Temple (0/1) D:4

Altars:
Sif Muna
The Shining One

Annotations:
D:4 Ijustatesigmund's ghost, amateur DsFi


Message History

Ijustatesigmund's ghost hits you.
The searing ray hits Ijustatesigmund's ghost.
Ijustatesigmund's ghost is moderately damaged.
A barrage of energy appears from out of your range of vision.
The barrage of energy hits Ijustatesigmund's ghost.
Ijustatesigmund's ghost is moderately damaged.
Ijustatesigmund's ghost closely misses you.
The searing ray hits Ijustatesigmund's ghost.
Ijustatesigmund's ghost is heavily damaged.
Your battlesphere fires!
The barrage of energy hits Ijustatesigmund's ghost.
Ijustatesigmund's ghost is heavily damaged.
Ijustatesigmund's ghost hits you!
The searing ray hits Ijustatesigmund's ghost.
Ijustatesigmund's ghost is severely damaged.
Your battlesphere fires!
The barrage of energy hits Ijustatesigmund's ghost.
Ijustatesigmund's ghost is severely damaged.
Your battlesphere expends the last of its energy and dissipates.
Ijustatesigmund's ghost closely misses you.
Cast which spell? (? or * to list)
Aiming: Searing Ray
Press: ? - help, Shift-Dir - straight line, f/p - Ijustatesigmund's ghost
Aim: Ijustatesigmund's ghost (grey smoke, severely damaged)
The searing ray hits Ijustatesigmund's ghost.
Ijustatesigmund's ghost is almost destroyed.
Ijustatesigmund's ghost hits you!
The searing ray hits Ijustatesigmund's ghost.
Ijustatesigmund's ghost is almost destroyed.
Ijustatesigmund's ghost hits you.
Without enough magic to sustain it, your searing ray dissipates.
Ijustatesigmund's ghost hits you!
You see here a hand axe.
Ijustatesigmund's ghost hits you!
You die...

###..# ..} ... ##...###
....
....##......#########..}.>
...........)[.)...........
.............######.......}
#.##.###.....#.............
#.#+##.#......##.###......
#......#....#....# ......
#.....#.....#@#### (....
+.._......).0W000# #..?.
#...^.#.....0.0.0# ####
........##.........#
.##.#.###...#.##.0.# ...#.
##....###### ... .. .....##
.. ... .....## .. .....#


You could see Ijustatesigmund's ghost.

Action                   |  1- 3 |  4- 6 || total
-------------------------+-------+-------++-------
 Cast: Magic Dart        |    61 |   101 ||   162
       Searing Ray       |     2 |     5 ||     7
       Iskenderun's Batt |       |     1 ||     1
  Eat: Chunk             |     2 |     6 ||     8
       Meat ration       |       |     1 ||     1

Notes
Turn   | Place    | Note
--------------------------------------------------------------
     0 | D:1      | Duffy the Deep Elf Conjurer began the quest for the Orb.
     0 | D:1      | Reached XP level 1. HP: 10/10 MP: 6/6
   235 | D:1      | Reached XP level 2. HP: 15/15 MP: 6/8
   243 | D:1      | Learned a level 2 spell: Searing Ray
   840 | D:1      | Reached skill level 4 in Spellcasting
   840 | D:1      | Reached XP level 3. HP: 19/19 MP: 2/10
  1448 | D:2      | Reached skill level 5 in Conjurations
  1519 | D:2      | Found a deep blue altar of Sif Muna.
  1547 | D:2      | Noticed Sigmund
  1556 | D:2      | Killed Sigmund
  1556 | D:2      | Reached skill level 5 in Spellcasting
  1556 | D:2      | Reached skill level 6 in Conjurations
  1556 | D:2      | Reached XP level 4. HP: 10/24 MP: 2/13
  1556 | D:2      | Reached XP level 5. HP: 11/28 MP: 2/15
  1643 | D:2      | Became a worshipper of Sif Muna the Loreminder
  1846 | D:2      | Learned a level 5 spell: Iskenderun's Battlesphere
  1851 | D:2      | Learned a level 4 spell: Iskenderun's Mystic Blast
  2144 | D:2      | Reached skill level 6 in Spellcasting
  2150 | D:2      | Reached skill level 1 in Charms
  2440 | D:3      | Found a faded altar to an unknown god.
  2860 | D:3      | Learned a level 4 spell: Fulminant Prism
  3193 | D:3      | Reached XP level 6. HP: 32/32 MP: 6/17
  3438 | D:4      | Found a glowing golden altar of the Shining One.
  3460 | D:4      | Found a staircase to the Ecumenical Temple.
  3646 | D:4      | Noticed Ijustatesigmund's ghost (amateur DsFi)
  3974 | D:4      | Mangled by Ijustatesigmund's ghost

Vault maps used:
D:1:      dpeg_arrival_shrine, minmay_misc_feat_tower
D:2:      lemuel_crystal_altar, serial_bayou_pond_b, uniq_sigmund
D:3:      ecumenical_altar_1
D:4:      lemuel_zombie_altar_kikubaaqudgha, nicolae_tso_besieged_by_evil,
          temple_fountains

Vanquished Creatures
  Sigmund
  A crimson imp
  An orc priest
  2 adders
  2 oozes
  An adder skeleton
  A worm
  2 giant geckos
  7 orcs
  6 bats
  10 giant cockroaches
  14 goblins
  12 hobgoblins
  5 kobolds
  A quokka
  A giant newt
  2 goblin zombies
  2 hobgoblin zombies
  A kobold zombie
  An orc skeleton
  An orc zombie
  12 rats
86 creatures vanquished.
